 Dungeon Crawl Stone Soup version 0.20-a0-823-gdec668e (webtiles) character file.

1628 Amciq the Ruffian (level 8, -4/76 HPs)
             Began as a Troll Hunter on Mar 5, 2017.
             Was a Believer of Okawaru.
             Slain by an orc
             ... wielding a +0 trident
              (7 damage)
             ... on level 7 of the Dungeon.
             The game lasted 00:17:16 (4664 turns).

Amciq the Ruffian (Troll Hunter)                    Turns: 4664, Time: 00:17:16

Health: -4/76      AC:  7    Str: 25      XL:     8   Next: 65%
Magic:  8/9        EV: 13    Int:  5 (7)  God:    Okawaru [**....]
Gold:   239        SH:  4    Dex:  9 (10) Spells: 7/7 levels left

rFire    . . .     SeeInvis .     - Unarmed
rCold    . . .     Gourm    +   x - +2 robe {MR+}
rNeg     . . .     Faith    .   (no shield)
rPois    .         Spirit   .   (helmet restricted)
rElec    .         Reflect  .   (no cloak)
rCorr    .         Harm     .   (gloves unavailable)
MR       ++...                  (boots unavailable)
Stlth    +++.......             a - amulet of rage
Regen    0.7/turn               D - +2 ring of strength
MPRegen  0.2/turn               v - ring of protection from magic

@: lethally poisoned (-4 -> -4), exhausted, heroism, slowed, very slow
A: unfitting armour, claws 3, large bone plates 1, deterioration 1, fast
metabolism 3, gourmand, regeneration 1, shaggy fur 1, tough skin 2, evolution 1,
MP-powered wands
a: Heroism, Renounce Religion, Evoke Berserk Rage


You were on level 7 of the Dungeon.
You worshipped Okawaru.
Okawaru was pleased with you.
You were very full.

You visited 2 branches of the dungeon, and saw 8 of its levels.

You collected 392 gold pieces.
You spent 153 gold pieces at shops.

Inventory:

Missiles
 c - 5 large rocks (quivered)
 d - 2 throwing nets
Armour
 x - a +2 robe of magic resistance (worn)
Jewellery
 a - an amulet of rage (around neck)
 v - a ring of protection from magic (left claw)
 D - a +2 ring of strength (right claw)
Wands
 u - a wand of polymorph (9/24)
 y - a wand of random effects (19/48)
 F - a wand of iceblast (9/15)
Scrolls
 h - 2 scrolls of blinking
 j - a scroll of identify
 l - a scroll of teleportation {unknown}
 n - 5 scrolls of remove curse {unknown}
 o - 2 scrolls of amnesia {unknown}
 p - 2 scrolls of enchant weapon {unknown}
 r - a scroll of enchant armour {unknown}
 s - a scroll of recharging {unknown}
 w - a scroll of magic mapping {unknown}
 B - a scroll of immolation {unknown}
 E - a scroll of fear {unknown}
Potions
 b - a potion of agility
 e - 4 potions of heal wounds
 i - 3 potions of curing
 k - a potion of brilliance
 m - a potion of might
 q - a potion of ambrosia
 z - a potion of invisibility
 A - a potion of berserk rage
Comestibles
 f - 4 bread rations
 g - 14 fruits
 t - 3 meat rations
 C - a chunk of flesh
 G - a royal jelly


   Skills:
 + Level 3.6(8.6) Fighting
 + Level 5.1(10.1) Throwing
 + Level 3.0(8.0) Armour
 + Level 3.3(8.3) Dodging
 - Level 0.3(5.3) Stealth
 * Level 5.4(10.4) Unarmed Combat
 + Level 2.7 Invocations
 + Level 2.7 Evocations


You had 7 spell levels left.
You didn't know any spells.

Dungeon Overview and Level Annotations

Branches:
Dungeon (7/15)             Temple (1/1) D:6

Altars:
Ashenzari
Elyvilon
Fedhas
Gozag
Hepliaklqana
Kikubaaqudgha
Makhleb
Nemelex Xobeh
Okawaru
Qazlal
Ru
Sif Muna
Uskayaw
Vehumet
Wu Jian
Xom
Yredelemnul
Zin
The Shining One

Shops:
D:4 *   D:5 (


Innate Abilities, Weirdness & Mutations

You are too large for most types of armour.
You have claws for hands.
Your metabolism is lightning-fast.
You like to eat raw meat.
Your natural rate of healing is unusually fast.
You are covered in fur. (AC +1)
You have very tough skin. (AC +2)
You are partially covered in large bone plates. (SH +4)
Your body sometimes deteriorates upon taking damage.
You evolve.
You expend magic power (3 MP) to strengthen your wands.


Message History

* * * LOW HITPOINT WARNING * * *
The explosion of tomahawk fragments engulfs the bullfrog zombie.
The explosion of tomahawk fragments engulfs the worker ant.
The explosion of tomahawk fragments engulfs the orc.
The worker ant bites you but does no damage.
The gnoll closely misses you.
You hear an angry hiss.
You see here a giant spiked club.
You feel sick. The gnoll sergeant closely misses you.
The bullfrog zombie completely misses you.
The gnoll throws an exploding tomahawk.
The exploding tomahawk closely misses you.
The exploding tomahawk explodes!
The explosion of tomahawk fragments engulfs you!
The explosion of tomahawk fragments engulfs the worker ant.
The explosion of tomahawk fragments engulfs the bullfrog zombie.
The explosion of tomahawk fragments engulfs the orc.
The orc dies!
The orc hits you from afar with a trident!
You die...

.............###
...............#
........)....#
...$.........##
..............##
.......g..o....####.
........ggOoo.......
...##..ggaZ)#.....#
#. ..
##..W)@####...##...
#
##.....##..........
#.................#
(.>.....#.........#
#.......#.........#
#...$.............##
/..........).......#
..................#
..#...............#


You could see a phantom, an ogre, a gnoll sergeant, a worker ant, an orc priest,
4 gnolls, 2 orcs and a bullfrog zombie.

Vanquished Creatures
  Grinder (D:3)
  An ice beast (D:6)
  An ogre (D:7)
  2 centaurs
  Blork the orc (D:5)
  2 bullfrogs (D:6)
  3 howler monkeys
  5 crimson imps
  A jelly (D:6)
  An orc priest (D:3)
  3 hounds
  3 orc wizards
  A centaur skeleton (D:5)
  An iguana (D:6)
  Natasha (D:3)
  3 worker ants
  A killer bee zombie (D:7)
  3 adders
  2 shadow imps (D:7)
  An ooze (D:1)
  An adder zombie (D:6)
  An adder skeleton (D:5)
  A worm (D:3)
  2 dart slugs
  11 leopard geckos
  21 orcs
  2 ball pythons
  9 bats
  12 giant cockroaches
  8 goblins
  6 hobgoblins
  4 jackals
  3 quokkas
  6 frilled lizards
  A jackal zombie (D:6)
  6 kobolds
  2 quokka skeletons
  6 rats
139 creatures vanquished.

Vanquished Creatures (others)
  An orc (D:7)
1 creature vanquished.

Grand Total: 140 creatures vanquished

Notes
Turn   | Place    | Note
-------+----------+-------------------------------------------
     0 | D:1      | Amciq the Troll Hunter began the quest for the Orb.
     0 | D:1      | Reached XP level 1. HP: 19/19 MP: 0/0
   470 | D:1      | Reached XP level 2. HP: 14/28 MP: 1/1
   864 | D:1      | Reached skill level 1 in Unarmed Combat
   905 | D:2      | Reached XP level 3. HP: 33/35 MP: 2/2
  1428 | D:3      | Reached XP level 4. HP: 42/42 MP: 3/3
  1444 | D:3      | Reached skill level 1 in Armour
  1762 | D:3      | Found an iron altar of Okawaru.
  1788 | D:3      | Became a worshipper of Warmaster Okawaru
  1829 | D:3      | Noticed Natasha
  1836 | D:3      | Killed Natasha
  1836 | D:3      | Reached XP level 5. HP: 49/49 MP: 4/4
  1926 | D:3      | Noticed Grinder
  1945 | D:3      | Killed Grinder
  1945 | D:3      | Reached * piety under Okawaru
  1945 | D:3      | Reached skill level 1 in Invocations
  1945 | D:3      | Reached skill level 1 in Evocations
  1945 | D:3      | Reached XP level 6. HP: 43/59 MP: 4/6
  2042 | D:3      | Found an ornate altar of the Wu Jian Council.
  2481 | D:4      | Found Loack's Assorted Antiques.
  2490 | D:4      | Bought a scroll labeled TUEXKYABIU for 27 gold pieces
  2490 | D:4      | Bought a runed robe for 99 gold pieces
  2490 | D:4      | Bought a scroll labeled KODANI SE SEIH for 27 gold pieces
  2688 | D:4      | Found a hazy altar of Hepliaklqana.
  2689 | D:4      | Found a shimmering altar of Xom.
  2689 | D:4      | Noticed a hungry ghost
  2690 | D:4      | Noticed a hungry ghost
  2690 | D:4      | Noticed a spectral ugly thing
  2936 | D:4      | Found a blossoming altar of Fedhas.
  2938 | D:4      | Found a basalt altar of Yredelemnul.
  2947 | D:4      | Found an ancient bone altar of Kikubaaqudgha.
  3209 | D:5      | Entered Level 5 of the Dungeon
  3244 | D:5      | Reached XP level 7. HP: 65/66 MP: 7/7
  3377 | D:5      | Noticed Blork the orc
  3388 | D:5      | Killed Blork the orc
  3404 | D:5      | Found Hugox's Antique Weapon Shoppe.
  3720 | D:6      | Gained mutation: You are partially covered in large bone plates. (SH +4) [potion of mutation]
  3720 | D:6      | Gained mutation: You expend magic power (3 MP) to strengthen your wands. [potion of mutation]
  3720 | D:6      | Gained mutation: Your body sometimes deteriorates upon taking damage. [potion of mutation]
  3720 | D:6      | Gained mutation: You evolve. [potion of mutation]
  3967 | D:6      | Found a staircase to the Ecumenical Temple.
  3976 | Temple   | Entered the Ecumenical Temple
  4039 | D:6      | Reached XP level 8. HP: 74/75 MP: 8/8
  4122 | D:6      | Found a deep blue altar of Sif Muna.
  4192 | D:6      | Reached ** piety under Okawaru
  4199 | D:6      | Found a glowing golden altar of the Shining One.
  4199 | D:6      | Found a glowing silver altar of Zin.
  4200 | D:6      | Found a white marble altar of Elyvilon.
  4251 | D:6      | Reached skill level 5 in Throwing
  4389 | D:6      | Reached skill level 5 in Unarmed Combat
  4663 | D:7      | HP: 3/76 [gnoll (1)]
  4664 | D:7      | Slain by an orc

Vault maps used:
D:1:      wheals_arrival_linesprint
D:3:      old_standard_altar, old_standard_altar, lightli_sewer_entry_pipes,
          uniq_grinder, uniq_natasha
D:4:      regret_index_temple_of_mockery, grunt_temple_overflow_open,
          serial_shops, shop, corexii_shack
D:5:      serial_shops, shop_coins, first_bread, hangedman_glass_teeth,
          uniq_blork_the_orc
D:6:      good_gods_mini_temple, lemuel_crystal_altar, temple_statues,
          minmay_checkerbox
Temple:   eino_temple_lava

Skill      XL: |  1  2  3  4  5  6  7  8 |
---------------+-------------------------+-----
Unarmed Combat | 1 2 3 4 5 |  5.4
Throwing       | 4 5 |  5.1
Fighting       | 2 3 |  3.6
Dodging        | 2 3 |  3.3
Armour         | 1 2 3 |  3.0
Invocations    | 1 2 |  2.7
Evocations     | 1 2 |  2.7
Stealth        | |  0.3

Action                   |  1- 3 |  4- 6 |  7- 9 || total
-------------------------+-------+-------+-------++-------
Melee: Short sword       |   104 |       |       ||   104
       Unarmed           |    75 |   151 |   169 ||   395
       Punch             |       |     1 |     9 ||    10
Throw: Large rock        |     1 |       |       ||     1
Invok: Heroism           |       |     1 |     5 ||     6
 Abil: Evoke Berserk Rag |     2 |     2 |     3 ||     7
  Use: Scroll            |       |     4 |     4 ||     8
       Potion            |       |       |     1 ||     1
 Stab: Sleeping          |       |     1 |     2 ||     3
  Eat: Chunk             |    19 |    20 |    16 ||    55
Armor: Robe              |    78 |    49 |    60 ||   187
Dodge: Dodged            |   150 |    84 |    94 ||   328
Block: Other             |       |       |    19 ||    19
